 Dungeon Crawl Stone Soup version 0.23-a0-435-g79ed067 (console) character file.

80 bli the Magician (level 4, 0/32 HPs)
             Began as a Gnoll Wanderer on Nov 15, 2018.
             Slain by a jackal (2 damage)
             ... on level 3 of the Dungeon.
             The game lasted 00:06:50 (1540 turns).

bli the Magician (Gnoll Wanderer)                   Turns: 1540, Time: 00:06:51

Health: 0/32       AC:  2    Str: 18    XL:     4   Next: 39%
Magic:  2/13       EV: 12    Int: 15    God:
Gold:   72         SH:  0    Dex: 11    Spells: 11/17 levels left

rFire    . . .     SeeInvis .   p - +0 hand axe
rCold    . . .     Gourm    .   (no shield)
rNeg     . . .     Faith    .   c - +0 robe
rPois    .         Spirit   .   (no helmet)
rElec    .         Reflect  .   (no cloak)
rCorr    .         Harm     .   (no gloves)
MR       .....                  (no boots)
Stlth    +.........             (no amulet)
HPRegen  0.10/turn              (no ring)
MPRegen  0.13/turn              (no ring)

@: no status effects
A: distributed training, fangs 1, strong nose
a: no special abilities


You were on level 3 of the Dungeon.
You were not hungry.

You visited 1 branch of the dungeon, and saw 3 of its levels.

You collected 72 gold pieces.

Inventory:

Hand Weapons
 i - a +0 dagger
 p - a +0 hand axe (weapon)
 q - a +0 mace
Missiles
 h - 39 sling bullets
 j - 4 stones (quivered)
Armour
 c - a +0 robe (worn)
 k - a +0 leather armour
Wands
 r - a wand of polymorph (6)
Scrolls
 a - 3 scrolls of enchant weapon {unknown}
 g - a scroll of blinking {unknown}
 l - 3 scrolls of remove curse {unknown}
 m - 4 scrolls of identify {unknown}
 n - a scroll of random uselessness {unknown}
Potions
 b - 2 potions of might {unknown}
 e - a potion of ambrosia {unknown}
 o - a potion of magic {unknown}
Comestibles
 d - 3 chunks of flesh
 f - 3 rations


   Skills:
 + Level 1.1 Fighting
 + Level 1.1 Short Blades
 + Level 1.1 Long Blades
 + Level 1.1 Axes
 + Level 1.1 Maces & Flails
 + Level 1.1 Polearms
 + Level 1.1 Staves
 + Level 1.1 Slings
 + Level 1.1 Bows
 + Level 1.1 Crossbows
 + Level 1.1 Throwing
 + Level 1.1 Armour
 + Level 1.1 Dodging
 + Level 1.1 Stealth
 + Level 2.7 Shields
 + Level 1.1 Unarmed Combat
 + Level 7.2 Spellcasting
 + Level 5.4 Conjurations
 + Level 0.8 Hexes
 + Level 3.8 Charms
 + Level 0.8 Summonings
 + Level 0.8 Necromancy
 + Level 0.8 Translocations
 + Level 0.8 Transmutations
 + Level 0.8 Fire Magic
 + Level 0.8 Ice Magic
 + Level 0.8 Air Magic
 + Level 0.8 Earth Magic
 + Level 0.8 Poison Magic
 + Level 1.2 Invocations
 + Level 2.7 Evocations


You had 11 spell levels left.
You knew the following spells:

 Your Spells              Type           Power        Failure   Level  Hunger
a - Magic Dart            Conj           ###.         1%          1    None
b - Searing Ray           Conj           ###...       1%          2    None
c - Dazzling Spray        Conj/Hex       ##....       11%         3    ##.....

Your spell library contained the following spells:

 Spells                   Type           Power        Failure   Level  Hunger
 Summon Butterflies       Summ           #.......     9%          1    None
 Iskenderun's Mystic Bla  Conj           ###.....     14%         4    ####...
 Call Canine Familiar     Summ           #.......     26%         3    ##.....
 Force Lance              Conj/Tloc      ##......     34%         4    ####...
 Fulminant Prism          Conj/Hex       ##........   34%         4    ####...


Dungeon Overview and Level Annotations

Branches:
Dungeon (3/15)

Altars:

Annotations:
D:2 Robin


Innate Abilities, Weirdness & Mutations

Your experience applies equally to all skills.
You have very sharp teeth.
Your uncanny sense of smell can sniff out nearby items.


Message History

Aiming: Magic Dart (safe; 1% risk of failure)
Press: ? - help, Shift-Dir - straight line, f - orc
Aim: an orc, wielding a +0 mace The magic dart hits the orc.
The orc is moderately wounded.
You slash the orc!
You kill the orc!
You barely miss the jackal. Your bite misses the jackal. The jackal bites you.
* * * LOW HITPOINT WARNING * * *
Casting: Magic Dart (safe; 1% risk of failure)
Confirm with . or Enter, or press ? or * to list all spells.
Aiming: Magic Dart (safe; 1% risk of failure)
Press: ? - help, Shift-Dir - straight line, f - jackal
Aim: a jackal The magic dart hits the jackal.
The jackal is moderately wounded.
The jackal bites you.
* * * LOW HITPOINT WARNING * * *
You closely miss the jackal. The jackal bites you.
You die...

####### #.
#.....# ####.
#.....#
.....##.....##
.............#
...........÷.#
.........)h#.#
........(#h#.#
∆
.......o)#@#.#
.#.......#.#.#
#.....†h+.#.#
#.......###.#
###+#+#h. #.#
#.#. ..#. .# #


You could see 2 jackals.

Vanquished Creatures
  An orc wizard (D:3)
  2 leopard geckos
  4 orcs (D:3)
  2 giant cockroaches (D:1)
  9 goblins
  5 hobgoblins
  4 jackals (D:2)
  4 kobolds
  A quokka (D:2)
  3 bats
  4 frilled lizards
  4 rats (D:1)
43 creatures vanquished.

Notes
Turn   | Place    | Note
-------+----------+-------------------------------------------
     0 | D:1      | bli the Gnoll Wanderer began the quest for the Orb.
     0 | D:1      | bli set off with the following items: a +0 robe, a +0 club,
                  | a ration; and the following spells available to memorise:
                  | Magic Dart, Searing Ray, Summon Butterflies, Dazzling
                  | Spray, Iskenderun's Mystic Blast, Call Canine Familiar,
                  | Force Lance, Fulminant Prism
     0 | D:1      | Reached XP level 1. HP: 13/13 MP: 8/8
    45 | D:1      | Learned a level 1 spell: Magic Dart
   437 | D:1      | Reached XP level 2. HP: 19/19 MP: 10/10
   449 | D:1      | Learned a level 2 spell: Searing Ray
  1157 | D:2      | Reached XP level 3. HP: 25/25 MP: 3/11
  1347 | D:2      | Learned a level 3 spell: Dazzling Spray
  1348 | D:2      | Reached skill level 1 in Invocations
  1475 | D:2      | Noticed Robin
  1522 | D:3      | Reached skill level 1 in Fighting
  1522 | D:3      | Reached skill level 1 in Short Blades
  1522 | D:3      | Reached skill level 1 in Long Blades
  1522 | D:3      | Reached skill level 1 in Axes
  1522 | D:3      | Reached skill level 1 in Maces & Flails
  1522 | D:3      | Reached skill level 1 in Polearms
  1522 | D:3      | Reached skill level 1 in Staves
  1522 | D:3      | Reached skill level 1 in Slings
  1522 | D:3      | Reached skill level 1 in Bows
  1522 | D:3      | Reached skill level 1 in Crossbows
  1522 | D:3      | Reached skill level 1 in Throwing
  1522 | D:3      | Reached skill level 1 in Armour
  1522 | D:3      | Reached skill level 1 in Dodging
  1522 | D:3      | Reached skill level 1 in Stealth
  1522 | D:3      | Reached skill level 1 in Unarmed Combat
  1522 | D:3      | Reached XP level 4. HP: 10/32 MP: 7/13
  1539 | D:3      | HP: 1/32 [jackal (1)]
  1540 | D:3      | Slain by a jackal

Vault maps used:
D:1:      dpeg_arrival_rhombus, minmay_pentomino_v4
D:2:      uniq_robin
D:3:      nicolae_tso_swordbearing_angel, gup_sewer_entry_bowl

Skill      XL: |  1  2  3 |
---------------+----------+-----
Invocations    | 1 |  1.2
Fighting       | 1 |  1.1
Short Blades   | 1 |  1.1
Long Blades    | 1 |  1.1
Axes           | 1 |  1.1
Maces & Flails | 1 |  1.1
Polearms       | 1 |  1.1
Staves         | 1 |  1.1
Slings         | 1 |  1.1
Bows           | 1 |  1.1
Crossbows      | 1 |  1.1
Throwing       | 1 |  1.1
Armour         | 1 |  1.1
Dodging        | 1 |  1.1
Stealth        | 1 |  1.1
Unarmed Combat | 1 |  1.1
Shields        | |  2.7
Spellcasting   | |  7.2
Conjurations   | |  5.4
Hexes          | |  0.8
Charms         | |  3.8
Summonings     | |  0.8
Necromancy     | |  0.8
Translocations | |  0.8
Transmutations | |  0.8
Fire Magic     | |  0.8
Ice Magic      | |  0.8
Air Magic      | |  0.8
Earth Magic    | |  0.8
Poison Magic   | |  0.8
Evocations     | |  2.7

Action                   |  1- 3 |  4- 6 || total
-------------------------+-------+-------++-------
Melee: Club              |    27 |       ||    27
       Bite              |     2 |       ||     2
       Hand axe          |    12 |     5 ||    17
 Cast: Magic Dart        |    58 |     8 ||    66
  Eat: Chunk             |     2 |       ||     2
Armor: Robe              |     5 |       ||     5
Dodge: Dodged            |    21 |       ||    21

Table legend:
 A = Non-vault XP
 B = Vault XP
 C = Vault XP percentage of total XP
 D = Non-vault monster count
 E = Vault monster count
 F = Vault count percentage of total count
                 A         B        C        D         E       F
            +---------+---------+-------+---------+---------+-------
      Total |      99 |      16 |  13.9 |      34 |       9 |  20.9
            +---------+---------+-------+---------+---------+-------
        D:1 |      23 |       3 |  11.5 |      14 |       2 |  12.5
        D:2 |      25 |      13 |  34.2 |      14 |       7 |  33.3
        D:3 |      51 |       0 |   0.0 |       6 |       0 |   0.0
            +---------+---------+-------+---------+---------+-------
